 Dungeon Crawl Stone Soup version 0.19.5 (webtiles) character file.

7578 Inarius the Blocker (level 10, -8/90 HPs)
             Began as a Minotaur Fighter on Apr 26, 2017.
             Was a High Priest of the Shining One.
             Killed from afar by an electric eel (9 damage)
             ... with a bolt of electricity
             ... on level 10 of the Dungeon.
             The game lasted 00:34:07 (7833 turns).

Inarius the Blocker (Minotaur Fighter)              Turns: 7833, Time: 00:34:08

Health: -8/90      AC: 15    Str: 23    XL:     10   Next: 97%
Magic:  6/9        EV:  7    Int:  8    God:    the Shining One [*****.]
Gold:   432        SH: 24    Dex: 16    Spells: 0 memorised, 9 levels left

rFire  + . .     SeeInvis .     F - +9 war axe "Lorem Ipsum" {chop, rC+ Int+3 Dex+3}
rCold  + . .     Gourm    .     w - +2 chain mail {rF+}
rNeg   + + .     Faith    +     A - +0 large shield
rPois  .         Spirit   .     (helmet restricted)
rElec  .         Reflect  .     (no cloak)
rCorr  .         Harm     .     (no gloves)
MR     .....                    (no boots)
Stlth  ..........               E - amulet of faith
                                (no ring)
                                h - ring of stealth

@: divine shield, glowing
A: retaliatory headbutt, horns 2, molten scales 1, agile 1
a: Divine Shield, Cleansing Flame, Summon Divine Warrior, Renounce Religion


You were on level 10 of the Dungeon.
You worshipped the Shining One.
The Shining One was extremely pleased with you.
You were not hungry.

You visited 1 branch of the dungeon, and saw 10 of its levels.
You also visited: Sewer and Ossuary.

You collected 432 gold pieces.

Inventory:

Hand Weapons
 a - a +0 long sword
 n - a +0 whip of flaming
 F - the +9 war axe "Lorem Ipsum" (weapon) {chop, rC+ Int+3 Dex+3}
   (You found it on level 4 of the Dungeon)

   It inflicts extra damage upon your enemies.
   It affects your intelligence (+3).
   It affects your dexterity (+3).
   It protects you from cold.
Missiles
 C - 2 tomahawks of dispersal (quivered)
Armour
 c - a +0 shield
 w - a +2 chain mail of fire resistance (worn)
 A - a +0 large shield (worn)
Jewellery
 h - a ring of stealth (left hand)
 j - an uncursed amulet of regeneration
 E - an amulet of faith (around neck)
Wands
 B - a wand of iceblast (4/15)
 I - a wand of disintegration (15/24)
 Q - a wand of slowing (26/48)
Scrolls
 o - a scroll of fear {unknown}
 p - 2 scrolls of amnesia {unknown}
 q - 4 scrolls of remove curse
 t - 7 scrolls of teleportation
 u - a scroll of blinking
 x - 2 scrolls of fog
 y - 2 scrolls of immolation
 H - 2 scrolls of recharging
 K - a scroll of acquirement
 M - 2 scrolls of vulnerability {unknown}
 N - a scroll of holy word {unknown}
 O - a scroll of random uselessness {unknown}
Potions
 d - 3 potions of might
 e - 2 potions of cure mutation
 i - 4 potions of lignification
 k - 6 potions of flight
 l - 6 potions of curing
 r - 2 potions of magic
 v - 2 potions of heal wounds
 z - a potion of mutation {unknown}
 D - a potion of brilliance
 G - 2 potions of agility
 J - 2 potions of haste {unknown}
 L - 3 potions of berserk rage {unknown}
Comestibles
 b - 7 meat rations
 f - 5 bread rations
 g - 4 beef jerkies
 m - 8 fruits
 P - 8 slices of pizza


   Skills:
 + Level 8.4 Fighting
 - Level 7.7 Long Blades
 + Level 10.1 Axes
 + Level 9.1 Armour
 + Level 3.2 Dodging
 + Level 0.8 Stealth
 + Level 11.0 Shields


You had 9 spell levels left.
You didn't know any spells.

Dungeon Overview and Level Annotations

Branches:
Dungeon (10/15)            Temple (0/1) D:7            Lair (0/6) D:10
    Orc: D:9-12

Altars:
Xom
The Shining One

Shops:
D:7 *   D:8 =


Innate Abilities, Weirdness & Mutations

You reflexively headbutt those who attack you in melee.
You have a pair of horns on your head.
You are partially covered in molten scales. (AC +2)
You are agile. (Dex +2)


Message History

The electric eel shoots out a bolt of lightning at you!
The bolt of electricity hits you!
The electric eel shoots out a bolt of lightning at you!
The bolt of electricity hits you!
The electric eel shoots out a bolt of lightning at you!
The bolt of electricity hits you!
The electric eel shoots out a bolt of lightning at you!
The bolt of electricity hits you! x2
* * * LOW HITPOINT WARNING * * *
The electric eel shoots out a bolt of lightning at you!
The bolt of electricity hits you!
* * * LOW HITPOINT WARNING * * *
The bolt of electricity hits you!
* * * LOW HITPOINT WARNING * * *
The electric eel shoots out a bolt of lightning at you!
The bolt of electricity hits you!
* * * LOW HITPOINT WARNING * * *
The electric eel shoots out a bolt of lightning at you!
The bolt of electricity hits you!
You die...

#.# #.#.# #.#
#.#.# #.# #.#.#
#.# #.#.# #.#
#.#.# #.# #.#.#
#######.# #.#.####
#.......# #....<>.
#@#####.###.#####.
#.................
#...............≈.
#...=..≈≈..≈≈.≈≈≈.
#....;;≈≈≈≈;≈≈≈≈≈≈
##..≈;≈≈≈≈≈≈;≈.≈≈≈
#.....≈≈≈≈...≈..≈
#..≈≈≈≈≈≈≈.....≈;
#............>..≈


You could see 3 electric eels.

Vanquished Creatures
  A hill giant (D:10)
  Pikel (D:4)
  The ghost of miragecloak the Insei, a novice OpTm of Ashenzari (D:5)
  3 trolls
  Prince Ribbit (D:8)
  Eustachio (D:4)
  4 hogs (D:7)
  A human (D:7)
  Duvessa (D:6)
  A sky beast (D:10)
  A necrophage (D:9)
  2 orc warriors (D:8)
  4 ogres
  A black bear (D:7)
  A hornet zombie (D:8)
  An ice beast (D:6)
  A phantom (D:9)
  2 wolves (D:10)
  5 centaurs
  3 elf zombies (Ossuary)
  8 bullfrogs
  Dowan (D:6)
  8 killer bees
  4 scorpions
  2 crimson imps
  5 centaur zombies
  2 quasits
  9 hounds
  4 jellies
  An orc priest (D:8)
  2 gnoll shamans
  2 human zombies (Ossuary)
  A bullfrog skeleton (D:7)
  Jessica (D:2)
  An iguana (D:5)
  4 orc wizards
  A siren (Sewer)
  6 worker ants
  A merfolk avatar (Sewer)
  A killer bee zombie (D:10)
  A hound zombie (D:8)
  2 mummies (Ossuary)
  A worker ant zombie (D:8)
  15 gnolls
  16 adders
  2 river rats
  2 shadow imps (D:10)
  2 adder skeletons (D:4)
  2 adder zombies (D:6)
  4 worms
  A dart slug (D:1)
  6 leopard geckos
  21 orcs
  2 ball pythons
  8 bats
  10 giant cockroaches
  15 goblins
  11 hobgoblins
  4 jackals
  8 kobolds
  7 quokkas
  8 frilled lizards
  2 leopard gecko skeletons
  33 rats
283 creatures vanquished.

Vanquished Creatures (others)
  2 slaves (D:4)
  2 gnolls (D:4)
  An adder (D:4)
  3 jackals (D:4)
  A ball python (D:4)
9 creatures vanquished.

Grand Total: 292 creatures vanquished

Notes
Turn   | Place    | Note
-------+----------+-------------------------------------------
     0 | D:1      | Inarius the Minotaur Fighter began the quest for the Orb.
     0 | D:1      | Reached XP level 1. HP: 19/19 MP: 0/0
   366 | D:1      | Reached XP level 2. HP: 27/27 MP: 1/1
   420 | D:1      | Found a glowing golden altar of the Shining One.
   427 | D:1      | Became a worshipper of the Shining One
   774 | D:2      | Noticed Jessica
   782 | D:2      | Killed Jessica
   782 | D:2      | Reached XP level 3. HP: 24/33 MP: 2/2
   851 | D:2      | Reached skill level 4 in Shields
  1019 | D:2      | Reached XP level 4. HP: 40/40 MP: 3/3
  2019 | D:3      | Noticed a centaur
  2024 | D:3      | Killed a centaur
  2024 | D:3      | Reached XP level 5. HP: 44/47 MP: 4/4
  2156 | D:3      | Reached skill level 5 in Armour
  2299 | D:4      | Noticed Pikel
  2299 | D:4      | Noticed a slave
  2299 | D:4      | Noticed a slave
  2299 | D:4      | Noticed a slave
  2301 | D:4      | Noticed a slave
  2313 | D:4      | Killed Pikel
  2313 | D:4      | Reached skill level 5 in Fighting
  2313 | D:4      | Reached skill level 1 in Dodging
  2313 | D:4      | Reached skill level 5 in Shields
  2313 | D:4      | Reached XP level 6. HP: 49/56 MP: 5/5
  2313 | D:4      | Reached XP level 7. HP: 53/61 MP: 6/6
  2489 | D:4      | Noticed Eustachio
  2507 | D:4      | Killed Eustachio
  2567 | D:4      | Reached skill level 6 in Shields
  2725 | D:4      | Reached * piety under the Shining One
  2763 | D:4      | Found a glowing drain.
  2773 | Sewer    | Entered a sewer
  2832 | Sewer    | Reached XP level 8. HP: 68/69 MP: 7/7
  3622 | D:4      | Got a jewelled war axe
  3623 | D:4      | Identified the +9 war axe "Lorem Ipsum" {chop, rC+ Int+3 Dex+3} (You found it on level 4 of the Dungeon)
  3778 | D:5      | Entered Level 5 of the Dungeon
  3809 | D:5      | Noticed miragecloak's ghost (novice OpTm)
  3820 | D:5      | Killed miragecloak's ghost
  3820 | D:5      | Reached skill level 7 in Shields
  4342 | D:6      | Noticed Duvessa
  4342 | D:6      | Noticed Dowan
  4368 | D:5      | Reached skill level 8 in Shields
  4656 | D:6      | Killed Dowan
  4657 | D:6      | Killed Duvessa
  4657 | D:6      | Reached XP level 9. HP: 70/75 MP: 8/8
  4872 | D:6      | Reached ** piety under the Shining One
  5069 | D:7      | Reached skill level 9 in Shields
  5074 | D:7      | Found Kecsausy's Elemental Accessories.
  5112 | D:7      | Found a sand-covered staircase.
  5128 | Ossuary  | Entered an ossuary
  5154 | Ossuary  | Reached skill level 5 in Axes
  5173 | Ossuary  | Reached *** piety under the Shining One
  5346 | D:7      | Found a staircase to the Ecumenical Temple.
  5849 | D:8      | Reached XP level 10. HP: 85/86 MP: 9/9
  5912 | D:8      | Reached **** piety under the Shining One
  5919 | D:8      | Noticed Prince Ribbit
  5930 | D:8      | Killed Prince Ribbit
  5936 | D:8      | Identified a scroll of acquirement
  5968 | D:8      | Reached skill level 10 in Shields
  6260 | D:8      | Found Yhoigac's Jewellery Emporium.
  7134 | D:10     | Entered Level 10 of the Dungeon
  7139 | D:10     | Reached ***** piety under the Shining One
  7161 | D:10     | Gained mutation: You are weak. (Str -2) [mutagenic meat]
  7162 | D:10     | Gained mutation: You are frail. (-10% HP) [mutagenic meat]
  7163 | D:10     | Gained mutation: Your mind is acute. (Int +2) [mutagenic meat]
  7163 | D:10     | Lost mutation: You are frail. (-10% HP) [potion of cure mutation]
  7163 | D:10     | Lost mutation: You are weak. (Str -2) [potion of cure mutation]
  7163 | D:10     | Lost mutation: Your mind is acute. (Int +2) [potion of cure mutation]
  7165 | D:10     | Gained mutation: You are partially covered in molten scales. (AC +2) [mutagenic meat]
  7166 | D:10     | Gained mutation: You are agile. (Dex +2) [mutagenic meat]
  7222 | D:10     | Found a shimmering altar of Xom.
  7276 | D:10     | Noticed a hill giant
  7284 | D:10     | Killed a hill giant
  7284 | D:10     | Reached skill level 11 in Shields
  7426 | D:10     | Reached skill level 10 in Axes
  7537 | D:10     | Found a staircase to the Lair.
  7833 | D:10     | HP: 1/90 [electric eel/bolt of electricity (5)]
  7833 | D:10     | Killed from afar by an electric eel

Skill      XL: |  1  2  3  4  5  6  7  8  9 10 |
---------------+-------------------------------+-----
Fighting       | 4 5 6 7 8 |  8.4
Armour         | 4 5 6 7 8 9 |  9.1
Long Blades    | 3 4 6 7 |  7.7
Shields        | 4 5 6 8 9 11 | 11.0
Dodging        | 1 2 3 |  3.2
Axes           | 4 7 10 | 10.1
Stealth        | |  0.8

Action                   |  1- 3 |  4- 6 |  7- 9 | 10-12 || total
-------------------------+-------+-------+-------+-------++-------
Melee: Long sword        |    55 |   102 |   180 |       ||   337
       Headbutt          |     4 |    15 |    58 |    25 ||   102
       War axe           |       |       |   167 |   149 ||   316
Invok: Divine Shield     |       |       |       |     1 ||     1
  Use: Scroll            |       |       |    13 |     2 ||    15
       Potion            |       |       |     1 |     1 ||     2
  Eat: Chunk             |       |     4 |     9 |     9 ||    22
       Royal jelly       |       |       |     1 |     1 ||     2
       Pizza             |       |       |     1 |       ||     1
       Fruit             |       |       |       |     1 ||     1
Armor: Scale mail        |     5 |       |       |       ||     5
       Chain mail        |    27 |    48 |   152 |    58 ||   285
Dodge: Dodged            |    10 |    23 |    56 |    34 ||   123
Block: Shield            |    26 |    45 |    23 |       ||    94
       Large shield      |       |       |   281 |   173 ||   454
       Rpst.: Long sword |     4 |     7 |    11 |       ||    22
